 Dungeon Crawl Stone Soup version 0.30-a0-728-gc68057be0a (webtiles) character file.

Game seed: 1564696807121760065

10143 Lavandula the Carver (level 11, -6/83 HPs)
             Began as a Human Monk on Dec 1, 2022.
             Was a High Priest of the Shining One.
             Mangled by Snorg (9 damage)
             ... on level 10 of the Dungeon on Jan 31, 2023.
             The game lasted 00:42:06 (10641 turns).

Lavandula the Carver (Human Monk)                  Turns: 10641, Time: 00:42:06

Health: -6/83      AC: 15    Str: 16    XL:     11   Next: 87%
Magic:  11/11      EV: 21    Int: 10    God:    the Shining One [*****.]
Gold:   397        SH:  0    Dex: 22    Spells: 10/10 levels left

rFire   . . .      SeeInvis .    a - +0 falchion
rCold   . . .      Faith    +    (no shield)
rNeg    + + .      Spirit   .    y - +2 acid dragon scales
rPois   +          Reflect  .    B - +2 helmet
rElec   .          Harm     .    b - +2 cloak {rPois}
rCorr   +          Rampage  .    q - +0 pair of gloves
Will    .....                    (no boots)
Stlth   +                        h - amulet of faith
HPRegen 0.33/turn                c - +4 ring of evasion
MPRegen 0.12/turn                C - +6 ring of dexterity

@: glowing
A: no striking features
a: Renounce Religion, Divine Shield, Cleansing Flame, Summon Divine Warrior


You were on level 10 of the Dungeon.
You worshipped the Shining One.
The Shining One was extremely pleased with you.
You visited 1 branch of the dungeon, and saw 10 of its levels.
You also visited: Sewer, Ossuary and Bailey.

You collected 436 gold pieces.
You spent 39 gold pieces at shops.

Inventory:

Hand Weapons
 a - a +0 falchion (weapon)
 i - a +2 short sword of draining
 t - a +0 dagger of holy wrath
 x - a +1 demon blade
Missiles
 k - 3 boomerangs
 r - 25 poisoned darts (quivered)
 z - 4 curare-tipped darts
Armour
 b - a +2 cloak of poison resistance (worn)
 o - an orb of mayhem
 q - a +0 pair of gloves (worn)
 y - +2 acid dragon scales (worn)
 B - a +2 helmet (worn)
 I - a +2 hat
Jewellery
 c - a +4 ring of evasion (left hand)
 f - an amulet of guardian spirit
 h - an amulet of faith (around neck)
 C - a +6 ring of dexterity (right hand)
 E - a ring of positive energy
Wands
 F - a wand of flame (22)
 M - a wand of mindburst (14)
Scrolls
 g - a scroll of teleportation
 l - a scroll of amnesia
 m - a scroll of magic mapping {unknown}
 n - a scroll of fog {unknown}
 u - 3 scrolls of vulnerability
 v - a scroll of silence
 G - a scroll of brand weapon
 J - a scroll of poison {unknown}
Potions
 d - 3 potions of attraction
 e - 4 potions of cancellation
 j - a potion of curing
 p - a potion of flight {unknown}
 s - a potion of lignification
 w - 4 potions of haste
 A - 4 potions of magic {unknown}
 D - 2 potions of mutation
 H - 3 potions of brilliance {unknown}
 K - 2 potions of resistance {unknown}


   Skills:
 - Level 6.6 Fighting
 - Level 4.6(10.0) Short Blades
 - Level 13.6(14.0) Long Blades
 - Level 8.1 Dodging
 - Level 2.0 Stealth
 - Level 5.0 Evocations


You had 10 spell levels left.
You didn't know any spells.
Your spell library contained the following spells:

 Spells                   Type           Power      Damage    Failure   Level
 Sting                    Tmut/Pois      0%         1d3       45%         1
 Poisonous Vapours        Pois/Air       0%         N/A       61%         2
 Frozen Ramparts          Ice            0%         1d1       83%         3
 Ozocubu's Armour         Ice            0%         N/A       83%         3
 Cause Fear               Hex            0%         N/A       99%         4
 Fulminant Prism          Conj/Hex       0%         3d5       99%         4
 Olgreb's Toxic Radiance  Pois           0%         N/A       99%         4


Dungeon Overview and Level Annotations

Branches:
Dungeon (10/15)            Temple (0/1) D:6            Lair (0/5) D:8
  Sewer (visited)         Ossuary (visited)          Bailey (visited)
    Orc: D:9-12

Altars:
Cheibriados
Dithmenos
Elyvilon
Gozag
Nemelex Xobeh
Qazlal
Ru
Trog
Zin
The Shining One

Shops:
D:1 ?   D:7 *(

Annotations:
D:2 Sigmund
D:3 Grinder
D:10 Snorg


Message History

Snorg is heavily wounded.
You hit Snorg but do no damage.
Snorg is heavily wounded.
Snorg misses you. Snorg completely misses you. Snorg claws you!
You hit Snorg.
Snorg is heavily wounded.
You slash Snorg!
Snorg is severely wounded.
Snorg misses you. x2; Snorg claws you.
You barely miss Snorg.
Snorg is severely wounded.
You slash Snorg!
Snorg is severely wounded.
You hit Snorg but do no damage.
Snorg is severely wounded.
Snorg shakes off her lethargy.
Snorg goes berserk!
You barely miss Snorg.
Snorg is severely wounded.
Snorg misses you. Snorg completely misses you. Snorg closely misses you.
You hit Snorg.
Snorg is severely wounded.
Snorg barely misses you. Snorg claws you but does no damage.
Snorg completely misses you.
You slash Snorg!
Snorg is almost dead.
Snorg bites you! Snorg claws you!! Snorg claws you but does no damage.
You slash Snorg!
Snorg is almost dead.
Snorg barely misses you. Snorg claws you!! Snorg claws you!
* * * LOW HITPOINT WARNING * * *
You feel better. Snorg bites you!!
* * * LOW HITPOINT WARNING * * *
Snorg completely misses you. Snorg closely misses you.
Okay, then.
You feel better. Snorg bites you!
* * * LOW HITPOINT WARNING * * *
Snorg claws you but does no damage. x2
A yak comes into view.
Snorg bites you!
You die...

........##...##.........#
.........#.............##
.........#...##..........
...##...##...#...#.......
.........#...............
#........)...............
####..................##.
#....#......#..........
#....##.....#.@T(.(.((.
...................#.#Y.
...................###
...................#
...............#
...........### ....##..##
..## #... ...


You could see Snorg (berserk, very poisoned) and a yak (wandering).

Vanquished Creatures
  A centaur warrior (D:8)
  A two-headed ogre (D:10)
  A deep elf zephyrmancer (D:9)
  2 orc knights (Bailey)
  Maurice (D:8)
  Maggie (D:8)
  Psyche (D:8)
  A troll (D:8)
  A shadow (D:8)
  5 yaks
  A steam dragon (D:8)
  2 wyverns (D:9)
  2 water moccasins
  A black bear (D:5)
  An ice beast (D:6)
  2 hornet zombies (Ossuary)
  11 orc warriors
  A sky beast (D:7)
  4 ogres
  2 phantoms
  5 kobold brigands
  3 wyvern zombies (Ossuary)
  5 bullfrogs
  2 necrophages
  3 water moccasin zombies (Ossuary)
  9 killer bees
  3 howler monkeys
  A jelly (D:8)
  9 bullfrog zombies (Ossuary)
  2 hounds (D:7)
  2 centaur zombies (Ossuary)
  4 orc priests
  A gnoll bouda (D:3)
  Crazy Yiuf (D:4)
  13 mummies (Ossuary)
  Natasha (D:2)
  3 iguanas
  5 orc wizards
  2 killer bee zombies (Ossuary)
  A howler monkey zombie (Ossuary)
  12 gnolls
  An adder (D:3)
  3 white imps
  An ufetubus (D:5)
  2 worms (D:4)
  2 dart slugs
  39 orcs
  8 ball pythons
  7 endoplasms
  6 giant cockroaches
  20 goblins
  11 hobgoblins
  9 jackals
  4 quokkas
  10 bats
  6 frilled lizards
  22 kobolds
  3 rats
283 creatures vanquished.

Vanquished Creatures (collateral kills)
  A necrophage (D:5)
1 creature vanquished.

Vanquished Creatures (others)
  A plant (Sewer)
  4 withered plants (Ossuary)
5 creatures vanquished.

Grand Total: 289 creatures vanquished

Notes
Turn   | Place    | Note
-------+----------+-------------------------------------------
     0 | D:1      | Lavandula the Human Monk began the quest for the Orb.
     0 | D:1      | Reached XP level 1. HP: 18/18 MP: 1/1
   211 | D:1      | Reached XP level 2. HP: 24/24 MP: 2/2
   258 | D:1      | Found Feegrapyru's Magic Scroll Boutique.
   543 | D:1      | Reached skill level 4 in Long Blades
   543 | D:1      | Reached XP level 3. HP: 16/29 MP: 3/3
   847 | D:2      | Noticed Sigmund
   881 | D:1      | Bought a scroll of identify for 26 gold pieces
   881 | D:1      | Bought a scroll of noise for 13 gold pieces
   933 | D:3      | Noticed Grinder
  1088 | D:2      | Found a sacrificial altar of Ru.
  1272 | D:2      | Noticed Natasha
  1463 | D:3      | Reached XP level 4. HP: 31/35 MP: 4/4
  1594 | D:3      | Found a faded altar of an unknown god.
  1652 | D:4      | Found a glowing drain.
  1664 | Sewer    | Entered a sewer
  1732 | Sewer    | Noticed a kobold brigand
  1749 | Sewer    | Killed a kobold brigand
  1750 | Sewer    | Reached skill level 5 in Long Blades
  1750 | Sewer    | Reached XP level 5. HP: 5/41 MP: 5/5
  2009 | Sewer    | Noticed a kobold brigand
  2030 | Sewer    | Killed a kobold brigand
  2031 | Sewer    | Reached skill level 6 in Long Blades
  2031 | Sewer    | Reached XP level 6. HP: 24/47 MP: 6/6
  2202 | Sewer    | Reached skill level 7 in Long Blades
  2359 | D:4      | Found a shadowy altar of Dithmenos.
  2665 | D:3      | Reached skill level 1 in Short Blades
  2665 | D:3      | Reached XP level 7. HP: 49/52 MP: 7/7
  3019 | D:2      | Killed Natasha
  3078 | D:3      | Upgraded the game from 0.30-a0-378-g86d51d8b50 to
                  | 0.30-a0-385-gfebfb9b408
  3198 | D:4      | Found a glowing silver altar of Zin.
  3199 | D:4      | Found a stormy altar of Qazlal.
  3199 | D:4      | Found a bloodstained altar of Trog.
  3609 | D:3      | Upgraded the game from 0.30-a0-385-gfebfb9b408 to
                  | 0.30-a0-728-gc68057be0a
  3863 | D:4      | Found a sparkling altar of Nemelex Xobeh.
  3882 | D:4      | Noticed a water moccasin
  3905 | D:4      | Found a runed translucent door.
  3906 | D:4      | Noticed Crazy Yiuf
  3938 | D:5      | Entered Level 5 of the Dungeon
  3943 | D:5      | Found a glowing golden altar of the Shining One.
  3994 | D:5      | Became a worshipper of the Shining One
  3994 | D:5      | Reached * piety under the Shining One
  3994 | D:5      | Reached ** piety under the Shining One
  4040 | D:5      | Reached XP level 8. HP: 53/58 MP: 8/8
  4253 | D:5      | Found a sand-covered staircase.
  4259 | Ossuary  | Entered an ossuary
  4275 | Ossuary  | Reached skill level 8 in Long Blades
  4366 | Ossuary  | Reached *** piety under the Shining One
  4375 | Ossuary  | Reached skill level 9 in Long Blades
  4435 | Ossuary  | Reached XP level 9. HP: 53/63 MP: 9/9
  4453 | Ossuary  | Reached **** piety under the Shining One
  4470 | Ossuary  | Reached skill level 10 in Long Blades
  4861 | Ossuary  | Reached ***** piety under the Shining One
  4914 | Ossuary  | Reached skill level 11 in Long Blades
  5890 | D:6      | Found a staircase to the Ecumenical Temple.
  6192 | D:7      | Reached skill level 12 in Long Blades
  6262 | D:7      | Found a white marble altar of Elyvilon.
  6297 | D:7      | Found Gozag's Platinum Reserve.
  6305 | D:7      | Found an opulent altar of Gozag.
  6407 | D:6      | Reached XP level 10. HP: 42/70 MP: 10/10
  6597 | D:7      | Found Farchoab's Antique Weapon Emporium.
  7052 | D:8      | Reached skill level 13 in Long Blades
  7214 | D:8      | Found a staircase to the Lair.
  7295 | D:8      | Noticed a centaur warrior
  7382 | D:8      | Noticed Maggie
  7399 | D:8      | Killed Maggie
  7409 | D:8      | Noticed Psyche
  7507 | D:4      | Killed Crazy Yiuf
  7750 | D:8      | Killed Psyche
  8060 | D:8      | Killed a centaur warrior
  8300 | D:8      | Noticed Maurice
  8319 | D:8      | Killed Maurice
  8345 | D:8      | Reached skill level 1 in Evocations
  8345 | D:8      | Reached XP level 11. HP: 82/83 MP: 11/11
  8751 | D:9      | Found a flagged portal.
  8781 | Bailey   | Entered a bailey
  8955 | Bailey   | Noticed an orc knight
  9032 | Bailey   | Killed an orc knight
  9033 | Bailey   | Reached skill level 5 in Evocations
  9243 | Bailey   | Noticed an orc knight
  9275 | Bailey   | Killed an orc knight
  9276 | Bailey   | Reached skill level 5 in Dodging
  9460 | Bailey   | Noticed an orc warlord
  9858 | D:9      | Got Hatwol's Catalogue of Charmed Hail
 10137 | D:9      | Found a snail-covered altar of Cheibriados.
 10398 | D:9      | Noticed a deep elf zephyrmancer
 10409 | D:9      | Killed a deep elf zephyrmancer
 10526 | D:10     | Entered Level 10 of the Dungeon
 10537 | D:10     | Noticed a two-headed ogre
 10550 | D:10     | Killed a two-headed ogre
 10619 | D:10     | Noticed Snorg
 10641 | D:10     | HP: 3/83 [Snorg (13)]
 10641 | D:10     | Mangled by Snorg

Illustrated notes

Levels and vault maps discovered:
D:1:      nzn_arrival_crosshair, layout_loops_ring, serial_shops,
          nicolae_shop_statue_plus
D:2:      layout_basic, basic_altar, uniq_natasha, uniq_sigmund
D:3:      layout_rooms, shapermc_ecumenical_altar_hornbeckon,
          chequers_serial_rivers_large_b, uniq_grinder
D:4:      layout_rooms, nicolae_dithmenos_the_darkroom, lemuel_doored_altar,
          chequers_temple_overflow_statue_of_worship,
          cheibrodos_sewer_entry_drain, hangedman_decor_growths,
          uniq_crazy_yiuf_cottage
D:5:      layout_loops_cross, mainiacjoe_overflow_chevrons,
          nicolae_ossuary_entry_monument
D:6:      layout_cave_pools, minmay_temple_entry_crystal_x
D:7:      layout_rooms, nicolae_gozag_zags_fifth_avenue, elyvilon_altar_5,
          nicolae_take_the_stairs
D:8:      layout_cave_pools, dpeg_oklobed_lair, kb_rosetta, uniq_maggie,
          uniq_maurice, uniq_psyche
D:9:      layout_stronghold, chei_slow_surprise, enter_bailey_7,
          guppyfry_early_elven_hall
D:10:     layout_cave_pools, fedhas_altar_4, uniq_snorg

Skill      XL: |  1  2  3  4  5  6  7  8  9 10 11 |
---------------+----------------------------------+-----
Long Blades    | 4 5 6 7 9 12 13 | 13.6
Short Blades   | 1 4 |  4.6
Fighting       | 6 |  6.6
Evocations     | 1 5 |  5.0
Dodging        | 8 |  8.1
Stealth        | |  2.0

Action                     |  1- 3 |  4- 6 |  7- 9 | 10-12 || total
---------------------------+-------+-------+-------+-------++-------
  Melee: Falchion          |   135 |   116 |   414 |   527 ||  1192
         Punch             |     1 |     3 |    15 |    14 ||    33
         Short sword       |       |    32 |   112 |       ||   144
         Dagger            |       |       |     5 |       ||     5
  Throw: Boomerang         |       |     4 |       |       ||     4
         Throwing net      |       |     2 |       |     3 ||     5
         Dart              |       |     1 |    16 |    26 ||    43
  Evoke: Wand              |       |       |       |    12 ||    12
    Use: Scroll            |     2 |     1 |    12 |     3 ||    18
         Potion            |       |     5 |       |    11 ||    16
   Stab: Sleeping          |     4 |       |       |       ||     4
         Held in net/web   |       |     1 |       |       ||     1
 Armour: Leather armour    |    44 |       |       |       ||    44
         Scale mail        |       |    81 |   116 |     8 ||   205
         Acid dragon scale |       |       |       |    86 ||    86
         Skin              |       |       |       |     4 ||     4
  Dodge: Dodged            |   120 |   152 |   287 |   311 ||   870

Table legend: (Time is in decaauts)
 A = Elapsed time spent in this place.
 B = Non-inter-level travel time spent in this place.
 C = Inter-level travel time spent in this place.
 D = Time resting spent in this place.
 E = Time spent auto-exploring this place.
 F = Levels seen in this place.
 G = Mean time per level.
                   A        B        C        D        E       F      G
               +--------+--------+--------+--------+--------+-----+--------+
         Total |  10378 |   9950 |    428 |   1860 |   4684 |  13 |  798.3 |
       Dungeon |   8249 |   7821 |    428 |   1294 |   3944 |  10 |  824.9 |
         Sewer |    707 |    707 |      0 |    258 |    212 |   1 |  707.0 |
       Ossuary |    811 |    811 |      0 |    149 |    296 |   1 |  811.0 |
        Bailey |    610 |    610 |      0 |    158 |    231 |   1 |  610.0 |
               +--------+--------+--------+--------+--------+-----+--------+

Top non-repeatable levels by time:
     D:9: 1145 daAuts
     D:8: 1117 daAuts
     D:3: 1007 daAuts
     D:1: 990 daAuts
     D:6: 833 daAuts
     D:7: 815 daAuts
 Ossuary: 811 daAuts
     D:2: 769 daAuts
     D:4: 745 daAuts
     D:5: 716 daAuts
   Sewer: 707 daAuts
  Bailey: 610 daAuts
    D:10: 106 daAuts
